 Dungeon Crawl Stone Soup version 0.31-a0-166-g46f44d267d (webtiles) character file.

Game seed: 6713710493979490465

1758 Gargoyl the Chopper (level 9, -2/55 HPs)
             Began as a Gargoyle Berserker on June 14, 2023.
             Was a Priest of Trog.
             Slain by a kobold
             ... wielding a +0 short sword of distortion
              (18 damage)
             ... on level 5 of the Dungeon.
             The game lasted 00:05:57 (4605 turns).

Gargoyl the Chopper (Gargoyle Berserker)            Turns: 4605, Time: 00:05:58

Health: -2/55      AC: 17    Str: 21    XL:     9   Next: 6%
Magic:  9/9        EV:  9    Int:  8    God:    Trog [***...]
Gold:   319        SH:  0    Dex: 13    Spells: 8/8 levels left

rFire   . . .        j - +7 great sword "Boas" {freeze, rC+ SInv}
rCold   + . .        (shield currently unavailable)
rNeg    + . .        k - +1 chain mail
rPois   ∞            (no helmet)
rElec   +            (no cloak)
rCorr   .            (no gloves)
SInv    +            (no boots)
Will    .....        (no amulet) Stlth
                     (no ring)
HPRegen 0.29/turn    (no ring)
MPRegen 0.11/turn

%: no passive effects
@: on berserk cooldown, slowed, very slow
A: sickness immunity, AC +6, negative energy resistance 1, electricity
resistance, torment resistance 1, petrification resistance
a: Renounce Religion, Berserk, Trog's Hand


You were on level 5 of the Dungeon.
You worshipped Trog.
Trog was most pleased with you.
You visited 1 branch of the dungeon, and saw 5 of its levels.

You collected 319 gold pieces.

Inventory:

Hand Weapons
 a - a +1 hand axe of venom
 j - the +7 great sword "Boas" (weapon) {freeze, rC+ SInv}
   (You found it on level 5 of the Dungeon)

   rC:        It protects you from cold.
   SInv:      It lets you see invisible.
Armour
 g - a +0 kite shield
 k - a +1 chain mail (worn)
Wands
 c - a wand of mindburst (16)
Scrolls
 h - a scroll of teleportation
 i - a scroll of fear {unknown}
 m - a scroll of fog
Potions
 b - a potion of curing
 d - 2 potions of invisibility
 e - a potion of enlightenment {unknown}
 f - 2 potions of haste
 l - a potion of berserk rage


   Skills:
 + Level 6.3 Fighting
 + Level 1.0 Long Blades
 + Level 6.9 Axes
 + Level 4.9 Armour
 + Level 3.5 Dodging
 + Level 2.1 Stealth
 + Level 4.2 Shields


You had 8 spell levels left.
You didn't know any spells.
Your spell library was empty.

Dungeon Overview and Level Annotations

Branches:
Dungeon (5/15)             Temple (0/1) D:5

Altars:
Makhleb
Okawaru


Innate Abilities, Weirdness & Mutations

You are immune to sickness and miasma.
Your stone body is resilient. (AC +6)
You are immune to poison.
You resist negative energy. (rN+)
You are resistant to electric shocks. (rElec)
You are resistant to unholy torment.
You are immune to petrification.


Message History

You barely miss the kobold brigand.
The kobold brigand hits you with a +2 rapier of pain.
You writhe in agony.
You barely miss the kobold brigand. The kobold brigand misses you.
Unknown command.
You slash the kobold brigand! You freeze the kobold brigand.
The kobold brigand is moderately wounded.
The kobold brigand hits you with a +2 rapier of pain.
You writhe in agony.
You slice the kobold brigand!! You freeze the kobold brigand.
You kill the kobold brigand!
Trog accepts your kill.
Your Long Blades skill increases to level 1!
Unknown command.
You slash the kobold! You freeze the kobold.
You kill the kobold!
Trog accepts your kill.
You barely miss the kobold.
You feel the effects of Trog's Hand fading.
The kobold hits you but does no damage.
Unknown command.
You slice the kobold!! You freeze the kobold.
You kill the kobold!
Trog accepts your kill. The kobold misses you.
Unknown command.
You slice the kobold!! You freeze the kobold.
You kill the kobold!
Trog accepts your kill.
You are no longer berserk.
You are exhausted.
You feel yourself slow down.
You barely miss the kobold.
Your skin stops crawling.
You feel less strong-willed.
The kobold hits you but does no damage. x2; Space warps horribly around you!!
* * * LOW HITPOINT WARNING * * *
Unknown command.
You closely miss the kobold. The kobold barely misses you.
The kobold hits you but does no damage. Space warps horribly around you!!
You die...

##### ##)..##
##.....## #.#...#.#
## #⌠.#.#.⌠#
.#########.#...#.#
.........##...KK###
###.......##'''##.#
# #...........KK@.#
####..........#####
...........####
..<#########
......# ###.#.# #
#...# # ##### #


You could see 4 kobolds.

Vanquished Creatures
  The ghost of confidenceinterval the Chiller, a novice GrIE (D:5)
  Sigmund (D:2)
  The ghost of goupaloupa the Trooper, an amateur DsFi of Uskayaw (D:3)
  The ghost of seandewar5 the Slasher, an amateur TeRe (D:3)
  2 centaurs (D:5)
  A kobold brigand (D:5)
  A gnoll sergeant (D:4)
  3 killer bees (D:5)
  3 hounds
  2 orc priests
  3 gnoll boudas
  Terence (D:2)
  4 iguanas
  2 orc wizards
  3 adders
  16 gnolls
  2 dart slugs
  19 orcs
  4 bats
  8 endoplasms
  3 giant cockroaches
  5 goblins
  4 hobgoblins
  7 kobolds
  2 quokkas
  9 ball pythons
  A frilled lizard (D:1)
  8 rats
117 creatures vanquished.

Notes
Turn   | Place    | Note
-------+----------+-------------------------------------------
     0 | D:1      | Gargoyl the Gargoyle Berserker began the quest for the Orb.
     0 | D:1      | Reached XP level 1. HP: 14/14 MP: 1/1
   378 | D:1      | Reached XP level 2. HP: 19/19 MP: 2/2
   681 | D:1      | Found a faded altar of an unknown god.
  1142 | D:2      | Noticed Terence
  1153 | D:2      | Killed Terence
  1154 | D:2      | Reached XP level 3. HP: 13/24 MP: 3/3
  1242 | D:2      | Reached XP level 4. HP: 29/29 MP: 4/4
  1335 | D:2      | Noticed Sigmund
  1345 | D:2      | Killed Sigmund
  1346 | D:2      | Reached skill level 1 in Stealth
  1346 | D:2      | Reached XP level 5. HP: 34/34 MP: 5/5
  1346 | D:2      | Reached XP level 6. HP: 39/39 MP: 6/6
  1464 | D:2      | Reached ** piety under Trog
  1950 | D:3      | Identified the +1 leather armour of Indomitability {Int+6}
  1968 | D:3      | Found a runed translucent gate.
  1968 | D:3      | Found a runed translucent gate.
  1970 | D:3      | Found a runed translucent gate.
  1972 | D:3      | Noticed goupaloupa's ghost (amateur DsFi)
  1972 | D:3      | Noticed seandewar5's ghost (amateur TeRe)
  2045 | D:3      | Found a burning altar of Makhleb.
  2299 | D:3      | Found an iron altar of Okawaru.
  2622 | D:3      | Killed goupaloupa's ghost
  2623 | D:3      | Reached skill level 5 in Axes
  2623 | D:3      | Reached XP level 7. HP: 44/44 MP: 7/7
  2649 | D:3      | Killed seandewar5's ghost
  2650 | D:3      | Reached skill level 1 in Shields
  2778 | D:4      | Reached skill level 5 in Fighting
  3445 | D:4      | Reached XP level 8. HP: 38/50 MP: 8/8
  3493 | D:4      | Reached *** piety under Trog
  4012 | D:5      | Entered Level 5 of the Dungeon
  4016 | D:5      | Found a runed translucent gate.
  4016 | D:5      | Noticed confidenceinterval's ghost (novice GrIE)
  4035 | D:5      | Found a staircase to the Ecumenical Temple.
  4331 | D:5      | Identified the +7 great sword "Boas" {freeze, rC+ SInv}
  4557 | D:5      | Found a runed translucent gate.
  4558 | D:5      | Found a runed translucent gate.
  4595 | D:5      | Killed confidenceinterval's ghost
  4596 | D:5      | Reached XP level 9. HP: 47/55 MP: 9/9
  4600 | D:5      | Reached skill level 1 in Long Blades
  4605 | D:5      | Slain by a kobold

Illustrated notes

Levels and vault maps discovered:
D:1:      nzn_arrival_water_spiral, layout_loops_corners,
          shapermc_ecumenical_altar_acropolis, dk_noncrumbling_2
D:2:      layout_loops_ring, chequers_serial_rivers_large_b,
          minmay_rat_gold_closets, uniq_sigmund, uniq_terence
D:3:      layout_loops_cross, mainiacjoe_overflow_alcove_2,
          mainiacjoe_overflow_24_doors, gammafunk_ghost_cemetery
D:4:      layout_loops_cross, grunt_ministairs_11, minmay_misc_feat_rows,
          lightli_minifort
D:5:      layout_rooms, minmay_temple_entry_offerings,
          gammafunk_ghost_nasty_kobolds

Skill      XL: |  1  2  3  4  5  6  7  8  9 |
---------------+----------------------------+-----
Axes           | 3 4 5 6 |  6.9
Dodging        | 2 3 |  3.5
Fighting       | 4 5 6 |  6.3
Stealth        | 1 2 |  2.1
Armour         | 3 4 |  4.9
Shields        | 2 4 |  4.2
Long Blades    | 1 |  1.0

Action                     |  1- 3 |  4- 6 |  7- 9 || total
---------------------------+-------+-------+-------++-------
  Melee: Hand axe          |    80 |    99 |   200 ||   379
         Great sword       |       |       |    19 ||    19
 Invoke: Berserk           |     1 |     4 |     3 ||     8
         Trog's Hand       |       |     1 |     4 ||     5
    Use: Scroll            |     1 |     4 |     4 ||     9
         Potion            |       |       |     6 ||     6
   Stab: Sleeping          |     1 |     1 |       ||     2
 Armour: Animal skin       |    34 |     7 |       ||    41
         Chain mail        |       |    42 |   125 ||   167
  Dodge: Dodged            |    53 |    37 |    79 ||   169
  Block: Buckler           |       |    12 |       ||    12
         Kite shield       |       |     5 |    92 ||    97

Table legend: (Time is in decaauts)
 A = Elapsed time spent in this place.
 B = Non-inter-level travel time spent in this place.
 C = Inter-level travel time spent in this place.
 D = Time resting spent in this place.
 E = Time spent auto-exploring this place.
 F = Levels seen in this place.
 G = Mean time per level.
                   A        B        C        D        E       F      G
               +--------+--------+--------+--------+--------+-----+--------+
         Total |   4757 |   4625 |    132 |    151 |   3397 |   5 |  951.4 |
       Dungeon |   4757 |   4625 |    132 |    151 |   3397 |   5 |  951.4 |
               +--------+--------+--------+--------+--------+-----+--------+

Top non-repeatable levels by time:
     D:4: 1291 daAuts
     D:2: 1033 daAuts
     D:3: 938 daAuts
     D:1: 883 daAuts
     D:5: 610 daAuts
